 Dungeon Crawl Stone Soup version 0.20-a0-871-g785f14b (webtiles) character file.

398 4thArraOfDagon the Chopper (level 7, -6/52 HPs)
             Began as a Formicid Wanderer on Mar 14, 2017.
             Was an Initiate of Qazlal.
             Mangled by a wyvern (12 damage)
             ... on level 8 of the Dungeon.
             The game lasted 00:04:58 (1295 turns).

4thArraOfDagon the Chopper (Formicid Wanderer)      Turns: 1295, Time: 00:04:58

Health: -6/52      AC: 13    Str: 18    XL:     7   Next: 10%
Magic:  7/7        EV:  5    Int: 12    God:    Qazlal [......]
Gold:   63         SH:  0    Dex:  8    Spells: 6/6 levels left

rFire    . . .     SeeInvis +   a - +2 mace
rCold    . . .     Gourm    .   h - +0 plate armour
rNeg     + . .     Faith    .   (no shield)
rPois    .         Spirit   .   (helmet unavailable)
rElec    .         Reflect  .   (no cloak)
rCorr    .         Harm     .   (no gloves)
MR       .....                  (no boots)
Stlth    ..........             (no amulet)
Regen    0.2/turn               (no ring)
MPRegen  0.1/turn               j - ring of positive energy

@: no status effects
A: permanent stasis, dig shafts and tunnels, four strong arms, antennae 3, slimy
green scales 1, dopey 1, no potion heal 1
a: Dig, Shaft Self, Renounce Religion


You were on level 8 of the Dungeon.
You worshipped Qazlal.
Qazlal was noncommittal.
You were not hungry.

You visited 1 branch of the dungeon, and saw 9 of its levels.

You collected 63 gold pieces.

Inventory:

Hand Weapons
 a - a +2 mace (weapon)
 b - a +0 hand axe
 f - a +0 war axe
Armour
 c - a +0 ring mail
 h - a +0 plate armour (worn)
Jewellery
 j - a ring of positive energy (left hand)
Scrolls
 g - 2 scrolls of magic mapping {unknown}
 i - a scroll of amnesia {unknown}
 m - a scroll of remove curse {unknown}
Potions
 e - a potion of cancellation
Comestibles
 d - a bread ration
 k - a meat ration


   Skills:
 - Level 3.2 Fighting
 * Level 6.5(6.6) Axes
 - Level 1.0(4.1) Maces & Flails
 - Level 1.0 Throwing
 + Level 3.5 Armour
   Level 1.2 Shields


You had 6 spell levels left.
You didn't know any spells.

Dungeon Overview and Level Annotations

Branches:
Dungeon (10/15)
 Temple: D:4-7         Lair: D:8-11         Orc: D:9-12

Altars:
Nemelex Xobeh
Qazlal

Shops:
D:8 *}}


Innate Abilities, Weirdness & Mutations

You cannot be hasted, slowed, berserked, paralysed or teleported.
You can dig through walls and to a lower floor.
Your four strong arms can wield two-handed weapons with a shield.
You have a pair of large antennae on your head. (SInv)
You are partially covered in slimy green scales. (AC +2)
You are dopey. (Int -2)
Potions are less effective at restoring your health.


Message History

The wyvern bites you.
* * * LOW HITPOINT WARNING * * *
The shadow imp hits you but does no damage.
The wyvern bites you but does no damage.
Unknown command.
Unknown command.
You completely miss the wyvern.
The wyvern is severely wounded.
The wyvern barely misses you. The shadow imp barely misses you.
The wyvern barely misses you.
Unknown command.
Unknown command.
Okay, then.
Your plate armour prevents you from hitting the wyvern.
The wyvern is severely wounded.
The wyvern bites you.
* * * LOW HITPOINT WARNING * * *
The shadow imp hits you but does no damage.
The wyvern bites you!
You die...

.. .. .. ....
#. ♣.♣.[ #..
#.∩..# ..♣
♣.♣.♣$#
#..#.⌠.#..
#.♣l♣.♣.♣
#.5@.#.∩
#.♣.♣.♣.♣.# ##
#.........#
....##..#####.#
#.....#####.#
##.##.......#
#..........#
####.......#
#.......#


You could see a wyvern and a shadow imp.

Vanquished Creatures
  2 centaurs
  2 bullfrogs (D:9)
  2 hounds (D:9)
  A hound zombie (D:4)
  A hound skeleton (D:4)
  An adder (D:9)
  A shadow imp (D:6)
  A hobgoblin (D:1)
  3 jackals (D:10)
  A quokka (D:8)
  2 quokka zombies (D:4)
17 creatures vanquished.

Notes
Turn   | Place    | Note
-------+----------+-------------------------------------------
     0 | D:1      | 4thArraOfDagon the Formicid Wanderer began the quest for the Orb.
     0 | D:1      | 4thArraOfDagon set off with: a +2 mace, a +0 hand axe, a +0 ring mail, a bread ration
     0 | D:1      | Reached XP level 1. HP: 18/18 MP: 1/1
   158 | D:1      | You fall through a shaft!
   175 | D:2      | You fall through a shaft for 2 floors!
   183 | D:4      | Reached skill level 3 in Axes
   183 | D:4      | Reached XP level 2. HP: 17/24 MP: 2/2
   207 | D:4      | Reached XP level 3. HP: 23/29 MP: 3/3
   215 | D:4      | Noticed a scorpion
   230 | D:5      | Entered Level 5 of the Dungeon
   238 | D:4      | You fall through a shaft for 3 floors!
   238 | D:7      | Found a stormy altar of Qazlal.
   240 | D:7      | Noticed a centaur
   248 | D:7      | Killed a centaur
   248 | D:7      | Reached skill level 4 in Axes
   248 | D:7      | Reached XP level 4. HP: 10/35 MP: 4/4
   248 | D:7      | Reached XP level 5. HP: 12/41 MP: 5/5
   254 | D:7      | Became a worshipper of Qazlal Stormbringer
   334 | D:7      | Noticed a hippogriff
   377 | D:6      | Reached skill level 5 in Axes
   630 | D:7      | Noticed a water moccasin
   633 | D:7      | You fall through a shaft for 3 floors!
   633 | D:10     | Entered Level 10 of the Dungeon
   752 | D:9      | Noticed a bullfrog
   769 | D:9      | Killed a bullfrog
   769 | D:9      | Reached XP level 6. HP: 27/47 MP: 6/6
   828 | D:8      | Reached skill level 6 in Axes
  1054 | D:9      | Reached XP level 7. HP: 46/52 MP: 7/7
  1153 | D:10     | Noticed a yak
  1271 | D:8      | Found a sparkling altar of Nemelex Xobeh.
  1282 | D:8      | Found Pibuesk's General Store.
  1284 | D:8      | Found Rahiobot's Gadget Emporium.
  1285 | D:8      | Found Vyneiwk's Gadget Emporium.
  1287 | D:8      | Noticed a wyvern
  1288 | D:8      | Gained mutation: Potions are less effective at restoring your health. [potion of mutation]
  1288 | D:8      | Gained mutation: You are dopey. (Int -2) [potion of mutation]
  1288 | D:8      | Gained mutation: You are partially covered in slimy green scales. (AC +2) [potion of mutation]
  1295 | D:8      | Mangled by a wyvern

Vault maps used:
D:1:      dpeg_arrival_radiant, hangedman_decor_clover_reticule
D:2:      minitemple, grunt_ministairs_14, eino_tiny_chamber
D:4:      nicolae_ru_sacrificial_ziggurat, minmay_temple_entry_purple_smoke,
          serial_undead, serial_undead_b, serial_undead_e, serial_undead_f,
          serial_undead_a, minmay_misc_feat_five
D:5:      first_bread
D:6:      palyth_temple_overflow_mages, serial_bayou, serial_bayou_pond_b,
          serial_bayou_pond_b, serial_bayou_pond_e, serial_bayou_pond_a
D:7:      grunt_qazlal_clouds, uniq_duvessa
D:8:      nemelex_xobeh_ov_fountains_minmay, minmay_shop_grid_forest
D:9:      david_lair_generic

Skill      XL: |  1  2  3  4  5  6 |
---------------+-------------------+-----
Axes           | 3 4 5 6 |  6.5
Armour         | 3 |  3.5
Fighting       | |  3.2
Maces & Flails | |  1.0
Throwing       | |  1.0
Shields        | |  1.2

Action                   |  1- 3 |  4- 6 |  7- 9 || total
-------------------------+-------+-------+-------++-------
Melee: Mace              |    23 |    46 |    27 ||    96
 Abil: Shaft Self        |     3 |     1 |       ||     4
       Dig               |       |       |     1 ||     1
  Use: Potion            |     1 |       |     1 ||     2
  Eat: Fruit             |       |     2 |     3 ||     5
Armor: Ring mail         |    11 |     3 |       ||    14
       Plate armour      |       |    31 |    26 ||    57
Dodge: Dodged            |    15 |    16 |     6 ||    37
